 Dungeon Crawl Stone Soup version 0.30-a0-870-gc5d4c5acee (webtiles) character file.

Game seed: 15912370303394595568

207 cforsyth the Covered (level 5, -1/43 HPs)
             Began as a Barachi Fighter on Mar 12, 2023.
             Slain by a sleepcap (18 damage)
             ... on level 4 of the Dungeon.
             The game lasted 00:03:47 (2777 turns).

cforsyth the Covered (Barachi Fighter)              Turns: 2777, Time: 00:03:47

Health: -1/43      AC:  7    Str: 18    XL:     5   Next: 85%
Magic:  5/5        EV:  2    Int:  8    God:
Gold:   198        SH:  0    Dex: 13    Spells: 4/4 levels left

rFire   . . .      SeeInvis .    a - +0 long sword
rCold   . . .      Faith    .    c - +0 buckler
rNeg    . . .      Spirit   .    b - +0 scale mail
rPois   .          Reflect  .    (no helmet)
rElec   .          Rampage  .    (no cloak)
rCorr   .                        (no gloves)
Will    .....                    (no boots) Stlth
                                 (no amulet)
HPRegen 0.27/turn                (no ring)
MPRegen 0.09/turn                (no ring)

@: sleeping, slow
A: amphibious, slowness 1, strong legs 1, +LOS
a: Hop


You were on level 4 of the Dungeon.
You visited 1 branch of the dungeon, and saw 4 of its levels.

You collected 198 gold pieces.

Inventory:

Hand Weapons
 a - a +0 long sword (weapon)
Armour
 b - a +0 scale mail (worn)
 c - a +0 buckler (worn)
Wands
 n - a wand of iceblast (5)
 s - a wand of charming (8)
Scrolls
 e - a scroll of immolation {unknown}
 g - 5 scrolls of identify {unknown}
 l - a scroll of blinking {unknown}
 m - 2 scrolls of magic mapping {unknown}
 o - a scroll of vulnerability {unknown}
 p - a scroll of enchant armour {unknown}
 q - a scroll of amnesia {unknown}
 r - a scroll of fear {unknown}
 u - a scroll of butterflies {unknown}
Potions
 d - a potion of might
 f - a potion of attraction {unknown}
 h - 2 potions of curing {unknown}
 i - 4 potions of lignification {unknown}
 j - 4 potions of haste {unknown}
 k - 5 potions of heal wounds {unknown}
 t - a potion of flight {unknown}


   Skills:
 + Level 4.9 Fighting
 + Level 4.1 Long Blades
 + Level 4.9 Armour
 + Level 4.4 Shields


You had 4 spell levels left.
You didn't know any spells.
Your spell library contained the following spells:

 Spells                   Type           Power      Damage    Failure   Level
 Slow                     Hex            0%         N/A       86%         1
 Confusing Touch          Hex            0%         N/A       99%         3
 Vampiric Draining        Necr           0%         2d6       99%         3


Dungeon Overview and Level Annotations

Branches:
Dungeon (4/15)
 Temple: D:4-7

Altars:
Gozag
Zin

Shops:
D:3 !


Innate Abilities, Weirdness & Mutations

You are amphibious.
You cover ground slowly.
You can hop short distances.
You have an extended range of vision and can be seen from far away.


Message History

You are engulfed in a cloud of soporific spores!
You hit the sleepcap.
The sleepcap is moderately damaged.
The sleepcap releases spores at you.
You are engulfed in a cloud of soporific spores!
The sleepcap releases spores at you but does no damage.
You are too injured to fight recklessly!
You are too injured to fight recklessly!
You are too injured to fight recklessly!
You are too injured to fight recklessly!
You are too injured to fight recklessly!
You are too injured to fight recklessly!
You are too injured to fight recklessly!
You are too injured to fight recklessly!
You are too injured to fight recklessly!
You are too injured to fight recklessly!
You are too injured to fight recklessly!
You are too injured to fight recklessly!
You are too injured to fight recklessly!
You are too injured to fight recklessly!
You hit the sleepcap.
The sleepcap is heavily damaged.
The sleepcap misses you.
You hit the sleepcap but do no damage.
The sleepcap is heavily damaged.
The sleepcap barely misses you.
You hit the sleepcap but do no damage.
The sleepcap is heavily damaged.
The sleepcap releases spores at you.
You are engulfed in a cloud of soporific spores!
You hit the sleepcap.
The sleepcap is severely damaged.
The sleepcap barely misses you.
You hit the sleepcap.
The sleepcap is severely damaged.
The sleepcap closely misses you. The sleepcap releases spores at you.
You are engulfed in a cloud of soporific spores!
You fall asleep.
The sleepcap releases spores at you!!
You die...

.... ##.....##..#.#
... .#.).....#....#
...............#
..........#.....###
........######....#
........####.#...##
##.........#.....#
.......##.......#.#
###...
#..@......... ..
#.f#..........
....###.#.......
#..... ######....#
#..#.. ##..# .. ##.
.## . #


You could see a sleepcap.

Vanquished Creatures
  An iguana (D:4)
  Ijyb (D:3)
  A scorpion zombie (D:4)
  2 adders
  An ufetubus (D:3)
  2 worms
  4 dart slugs
  An orc (D:3)
  5 ball pythons
  5 bats
  5 endoplasms
  9 giant cockroaches
  6 goblins
  7 hobgoblins
  11 jackals
  13 kobolds
  8 quokkas
  4 frilled lizards
  2 rats (D:1)
88 creatures vanquished.

Notes
Turn   | Place    | Note
-------+----------+-------------------------------------------
     0 | D:1      | cforsyth the Barachi Fighter began the quest for the Orb.
     0 | D:1      | Reached XP level 1. HP: 18/18 MP: 1/1
    42 | D:1      | Reached XP level 2. HP: 21/25 MP: 2/2
   278 | D:1      | Reached XP level 3. HP: 30/30 MP: 3/3
   799 | D:2      | Reached XP level 4. HP: 37/37 MP: 4/4
  1852 | D:3      | Found an opulent altar of Gozag.
  1983 | D:3      | Reached XP level 5. HP: 43/43 MP: 5/5
  2054 | D:3      | Found Axteodgho's Distillery.
  2078 | D:3      | Noticed Ijyb
  2102 | D:3      | Killed Ijyb
  2538 | D:3      | Found a glowing silver altar of Zin.
  2538 | D:3      | Noticed an angel
  2777 | D:4      | Slain by a sleepcap

Illustrated notes

Levels and vault maps discovered:
D:1:      roderic_chinese_lattice_arrival, layout_rooms, minmay_pentomino_p4
D:2:      layout_basic, lightli_corner_chamber
D:3:      layout_loops_corners, overflow_temple_1_default, zin_angel,
          serial_shops, shop, uniq_ijyb
D:4:      layout_cave_pools, serial_undead, serial_undead_b, serial_undead_f,
          serial_undead_c, serial_undead_c, serial_undead_c, minmay_door_square

Skill      XL: |  1  2  3  4  5 |
---------------+----------------+-----
Fighting       | 4 |  4.9
Armour         | 4 |  4.9
Long Blades    | 3 4 |  4.1
Shields        | 4 |  4.4

Action                     |  1- 3 |  4- 6 || total
---------------------------+-------+-------++-------
  Melee: Long sword        |   136 |   190 ||   326
 Armour: Scale mail        |    76 |   103 ||   179
  Dodge: Dodged            |    78 |   115 ||   193
  Block: Buckler           |    47 |    55 ||   102

Table legend: (Time is in decaauts)
 A = Elapsed time spent in this place.
 B = Non-inter-level travel time spent in this place.
 C = Inter-level travel time spent in this place.
 D = Time resting spent in this place.
 E = Time spent auto-exploring this place.
 F = Levels seen in this place.
 G = Mean time per level.
                   A        B        C        D        E       F      G
               +--------+--------+--------+--------+--------+-----+--------+
         Total |   3251 |   3119 |    132 |     18 |   2394 |   4 |  812.8 |
       Dungeon |   3251 |   3119 |    132 |     18 |   2394 |   4 |  812.8 |
               +--------+--------+--------+--------+--------+-----+--------+

Top non-repeatable levels by time:
     D:3: 1159 daAuts
     D:2: 1113 daAuts
     D:1: 769 daAuts
     D:4: 208 daAuts
